 Dungeon Crawl Stone Soup version 0.18.1-5-g4a78601 (webtiles) character file.

7983 Goblin1989 the Severer (level 11, -4/97 HPs)
             Began as a Hill Orc Gladiator on May 11, 2016.
             Was a Priest of Makhleb.
             Slain by an unseen horror (10 damage)
             ... on level 9 of the Dungeon.
             The game lasted 00:30:41 (9626 turns).

Goblin1989 the Severer (Hill Orc Gladiator)         Turns: 9626, Time: 00:30:42

Health: -4/97      AC: 12    Str: 24    XL:     11   Next: 23%
Magic:  15/15      EV: 15    Int:  8    God:    Makhleb [***...]
Gold:   823        SH:  0    Dex: 13    Spells: 1 memorised, 5 levels left

rFire  . . .     SeeInvis .     a - +0 battleaxe
rCold  . . .     Gourm    +     n - +0 ring mail
rNeg   . . .     Faith    .     (shield currently unavailable)
rPois  .         Spirit   .     c - +0 helmet
rElec  .         Dismiss  .     k - +0 cloak
rCorr  .         Reflect  .     w - +0 pair of gloves
SustAt .         Harm     .     J - +1 pair of boots
MR     .....                    o - amulet of the gourmand
Stlth  +.........               v - ring of wizardry
                                g - +3 ring of evasion

@: not resistant to hostile enchantments, very unstealthy
A: agile 1, strong 1, wild magic 1
a: Minor Destruction, Lesser Servant of Makhleb, Renounce Religion


You were on level 9 of the Dungeon.
You worshipped Makhleb.
Makhleb was most pleased with you.
You were very full.

You visited 2 branches of the dungeon, and saw 11 of its levels.
You also visited: Bailey.

You collected 823 gold pieces.

Inventory:

Hand Weapons
 a - a +0 battleaxe (weapon)
 b - a +0 dire flail
Missiles
 d - 5 throwing nets
 B - 41 tomahawks of returning (quivered)
Armour
 c - a +0 helmet (worn)
 k - a +0 cloak (worn)
 n - a +0 ring mail (worn)
 w - a +0 pair of gloves (worn)
 A - the +4 fire dragon armour of the Pits of Slime {rF++ rC- MR++ Int+5}
   (You found it in a bailey)

   It affects your intelligence (+5).
   It greatly protects you from fire.
   It makes you vulnerable to cold.
   It affects your resistance to hostile enchantments.
 J - a +1 pair of boots (worn)
Jewellery
 g - a +3 ring of evasion (left hand)
 o - an amulet of the gourmand (around neck)
 v - a ring of wizardry (right hand)
Wands
 H - a wand of iceblast (7/15)
 I - a wand of slowing (17/48)
Scrolls
 e - 3 scrolls of magic mapping
 h - 7 scrolls of remove curse
 i - 2 scrolls of recharging
 l - a scroll of torment {unknown}
 q - 3 scrolls of teleportation
 t - 2 scrolls of fear
 u - a scroll of holy word
 D - 4 scrolls of enchant armour {unknown}
 F - a scroll of enchant weapon {unknown}
 G - 3 scrolls of blinking {unknown}
 N - 2 scrolls of identify
 O - 2 scrolls of amnesia {unknown}
Potions
 j - 4 potions of curing
 m - a potion of berserk rage
 y - a potion of haste
 z - a potion of invisibility
 C - a potion of heal wounds
 E - a potion of magic {unknown}
 K - a potion of resistance {unknown}
 L - a potion of agility
Books
 P - a book of Frost

   Spells                             Type                      Level
   a - Freeze                         Ice                          1
   b - Throw Frost                    Conjuration/Ice              2
   c - Ozocubu's Armour               Charms/Ice                   3
   d - Throw Icicle                   Conjuration/Ice              4
   e - Summon Ice Beast               Ice/Summoning                4
Comestibles
 f - 5 bread rations
 p - 5 fruits
 r - 2 beef jerkies
 s - 4 meat rations
 x - 2 slices of pizza
 M - a royal jelly


   Skills:
 + Level 9.2 Fighting
 * Level 16.4 Axes
 - Level 1.7 Throwing
 + Level 7.1 Armour
 - Level 2.4 Dodging
 + Level 5.4 Invocations


You had 5 spell levels left.
You knew the following spells:

 Your Spells              Type           Power        Failure   Level  Hunger
a - Aura of Abjuration    Summ           #.........   100%        5    ######.


Dungeon Overview and Level Annotations

Branches:
Dungeon (10/15)            Temple (1/1) D:5
   Lair: D:8-11         Orc: D:9-12

Altars:
Cheibriados
Dithmenos
Elyvilon
Kikubaaqudgha
Makhleb
Okawaru
Pakellas
Qazlal
Ru
Sif Muna
Trog
Vehumet
Xom
Yredelemnul
Zin
The Shining One

Shops:
D:7 :   D:8 %


Innate Abilities, Weirdness & Mutations

You are agile. (Dex +2)
Your muscles are strong. (Str +2)
Your spells are a little harder to cast, but a little more powerful.


Message History

Something hits you!
There is a stone staircase leading up, spattered with blood here.
You take 6 damage, and have 35/97 hp.
You closely miss something. Something hits you but does no damage.
Something hits you but does no damage.
There is a stone staircase leading up here.
There is a stone staircase leading up, spattered with blood here.
You closely miss something. Something hits you. x2
You take 7 damage, and have 28/97 hp.
Something hits you!
You climb upwards.
There is a stone staircase leading down here.
You take 10 damage, and have 18/97 hp.
You start resting.
Something hits you!
You take 7 damage, and have 11/97 hp.
You start resting.
Something hits you but does no damage. Something hits you.
You take 5 damage, and have 6/97 hp.
Something barely misses you. Something hits you!
You die...

#####.........#.....#..#########.
#..........>..#....##..#.......#.
#.............#....#...#.......#.
#..########...#....#...#.......#.
#..#......#...#....#...#.......#.
#..#......#...######...#.......#.
#..#......'............#.......#.
#..########............#.......#.
#...............@......#.......#.
###....................####'####.
#.........................†....
#..............................
#...........................†..
#...##########.................
###...#........#.................
......#........#.................
.<....#........#.................


There were no monsters in sight!

Vanquished Creatures
  An orc warlord (Bailey)
  The ghost of PeterLawrence the Basher, a novice MiFi (D:6)
  Pikel (D:7)
  Sigmund (D:4)
  6 spriggans (D:6)
  A hippogriff (D:7)
  Menkaure (D:4)
  Edmund (D:4)
  A water moccasin (D:7)
  Duvessa (D:4)
  3 sky beasts
  5 orc warriors
  A black bear (D:6)
  A necrophage (D:6)
  A phantom (D:5)
  An ogre (D:9)
  4 centaurs
  A big kobold (D:8)
  A crocodile (D:9)
  Blork the orc (D:4)
  2 giant frogs
  A wyvern skeleton (D:8)
  A scorpion (D:7)
  2 wights (D:8)
  Dowan (D:4)
  12 killer bees
  4 howler monkeys
  A crimson imp (D:6)
  2 giant frog zombies
  2 quasits
  2 hounds
  A jelly (D:10)
  A gnoll shaman (D:6)
  2 orc priests
  2 centaur skeletons
  2 iguanas
  Natasha (twice) (D:4)
  9 orc wizards
  5 worker ants
  A hound skeleton (D:8)
  A worker ant zombie (D:6)
  3 howler monkey skeletons
  11 gnolls
  7 adders
  2 shadow imps
  An adder zombie (D:5)
  5 adder skeletons
  5 worms
  A dart slug (D:3)
  4 giant geckos
  14 orcs
  3 ball pythons
  7 bats
  5 giant cockroaches
  9 goblins
  10 hobgoblins
  11 jackals
  16 kobolds
  6 quokkas
  A giant gecko skeleton (D:4)
  6 giant newts
  A quokka skeleton (D:7)
  6 rats
224 creatures vanquished.

Vanquished Creatures (collateral kills)
  The ghost of ReniFell the Protected, a novice MiFi of Trog (D:8)
  A scorpion (D:8)
  A wight (D:8)
3 creatures vanquished.

Vanquished Creatures (others)
  5 sheep (D:4)
  A jackal skeleton (D:7)
6 creatures vanquished.

Grand Total: 233 creatures vanquished

Notes
Turn   | Place    | Note
--------------------------------------------------------------
     0 | D:1      | Goblin1989 the Hill Orc Gladiator began the quest for the Orb.
     0 | D:1      | Reached XP level 1. HP: 18/18 MP: 1/1
   296 | D:1      | Reached XP level 2. HP: 25/25 MP: 2/2
   428 | D:1      | Reached skill level 5 in Axes
   791 | D:2      | Reached XP level 3. HP: 29/30 MP: 3/3
  1270 | D:2      | Reached skill level 6 in Axes
  1331 | D:2      | Found an oddly glowing altar of Pakellas.
  1332 | D:2      | Found a snail-covered altar of Cheibriados.
  1333 | D:2      | Found a stormy altar of Qazlal.
  1334 | D:2      | Found a shadowy altar of Dithmenos.
  1335 | D:2      | Found a basalt altar of Yredelemnul.
  1455 | D:2      | Found a sacrificial altar of Ru.
  1595 | D:3      | Found a radiant altar of Vehumet.
  1609 | D:3      | Identified Vehumet's Guide on Conjuration
  1632 | D:3      | Found an ancient bone altar of Kikubaaqudgha.
  1633 | D:3      | Found a deep blue altar of Sif Muna.
  1637 | D:3      | Reached XP level 4. HP: 34/37 MP: 4/4
  2320 | D:3      | Reached skill level 7 in Axes
  2482 | D:3      | Found a glowing golden altar of the Shining One.
  2485 | D:3      | Found a glowing silver altar of Zin.
  2486 | D:3      | Found a white marble altar of Elyvilon.
  2761 | D:3      | Reached XP level 5. HP: 42/42 MP: 5/5
  2962 | D:4      | Noticed Dowan
  2963 | D:4      | Noticed Duvessa
  2975 | D:4      | Reached skill level 8 in Axes
  2991 | D:4      | Noticed Menkaure
  3007 | D:4      | Killed Dowan
  3008 | D:4      | Killed Menkaure
  3008 | D:4      | Reached skill level 9 in Axes
  3008 | D:4      | Reached XP level 6. HP: 20/50 MP: 6/6
  3017 | D:4      | Killed Duvessa
  3365 | D:4      | Noticed Natasha
  3375 | D:4      | Killed Natasha
  3375 | D:4      | Reached skill level 10 in Axes
  3375 | D:4      | Reached XP level 7. HP: 36/56 MP: 7/7
  3573 | D:4      | Noticed Blork the orc
  3596 | D:4      | Killed Blork the orc
  3893 | D:4      | Noticed Sigmund
  3908 | D:4      | Killed Sigmund
  3908 | D:4      | Reached skill level 11 in Axes
  3908 | D:4      | Reached skill level 1 in Armour
  3925 | D:4      | Noticed Edmund
  3940 | D:4      | Killed Edmund
  3940 | D:4      | Reached XP level 8. HP: 62/63 MP: 8/8
  4110 | D:4      | Noticed Natasha
  4116 | D:4      | Killed Natasha
  4168 | D:4      | Found a shimmering altar of Xom.
  4423 | D:5      | Entered Level 5 of the Dungeon
  4481 | D:5      | Got a diamond-studded leather armour
  4495 | D:5      | Identified the +3 leather armour of the Iron Devil {rElec Regen+ Int-2 Dex+5} (You found it on level 5 of the Dungeon)
  4715 | D:5      | Reached skill level 12 in Axes
  4938 | D:5      | Found a staircase to the Ecumenical Temple.
  4949 | Temple   | Entered the Ecumenical Temple
  4960 | Temple   | Became a worshipper of Makhleb the Destroyer
  5112 | D:6      | Reached skill level 5 in Fighting
  5257 | D:6      | Reached XP level 9. HP: 49/74 MP: 9/9
  5426 | D:6      | Noticed PeterLawrence's ghost (novice MiFi)
  5442 | D:6      | Killed PeterLawrence's ghost
  5442 | D:6      | Reached skill level 13 in Axes
  5451 | D:6      | Reached * piety under Makhleb
  5451 | D:6      | Reached skill level 5 in Armour
  5597 | D:6      | Reached skill level 14 in Axes
  5836 | D:6      | Reached XP level 10. HP: 52/86 MP: 10/10
  6140 | D:7      | Reached ** piety under Makhleb
  6183 | D:7      | Found Jamumell's Book Emporium.
  6234 | D:7      | Noticed Pikel
  6266 | D:7      | Found a flagged portal.
  6275 | Bailey   | Entered a bailey
  6280 | Bailey   | Noticed an orc warlord
  6387 | Bailey   | Reached skill level 1 in Invocations
  6435 | Bailey   | Found a runed gate.
  6436 | Bailey   | Found a runed gate.
  6438 | Bailey   | Found a runed gate.
  6618 | Bailey   | Reached skill level 15 in Axes
  6625 | Bailey   | Killed an orc warlord
  6710 | Bailey   | Got a spiked fire dragon armour
  6721 | Bailey   | Identified the +4 fire dragon armour of the Pits of Slime {rF++ rC- MR++ Int+5} (You found it in a bailey)
  6741 | Bailey   | Gained mutation: You are agile. (Dex +2) [potion of beneficial mutation]
  6742 | Bailey   | Gained mutation: Your muscles are strong. (Str +2) [potion of beneficial mutation]
  6743 | Bailey   | Got a shadowed robe
  6754 | Bailey   | Identified the +1 robe of Love and Death {-Cast MR++ Regen+ Slay+6} (You found it in a bailey)
  6786 | D:7      | Killed Pikel
  7319 | D:7      | Reached *** piety under Makhleb
  7891 | D:8      | Learned a level 5 spell: Aura of Abjuration
  7984 | D:8      | Reached skill level 16 in Axes
  7987 | D:8      | Noticed ReniFell's ghost (novice MiFi)
  7991 | D:8      | Reached XP level 11. HP: 97/97 MP: 14/14
  8011 | D:8      | Killed ReniFell's ghost
  8011 | D:8      | Reached skill level 5 in Invocations
  8465 | D:8      | Wingboner: Чтой-то все вдруг орков вспомнили...
  8543 | D:8      | Found Qyduec's Food Shop.
  8610 | D:8      | Found an iron altar of Okawaru.
  8611 | D:8      | Found a bloodstained altar of Trog.
  8623 | D:8      | Gained mutation: Your spells are a little harder to cast, but a little more powerful. [potion of beneficial mutation]
  8741 | D:8      | Goblin1989: я про них и не забывал
  8810 | D:9      | Goblin1989: я в общем-то и умею играть нормально минотаврами, орками и гаргульями
  9578 | D:10     | Entered Level 10 of the Dungeon
  9626 | D:9      | Slain by an unseen horror

Skill      XL: |  1  2  3  4  5  6  7  8  9 10 11 |
---------------+----------------------------------+-----
Axes           | 5 6 7 9 10 11 12 14 16 | 16.4
Fighting       | 3 5 7 9 |  9.2
Armour         | 2 3 5 6 7 |  7.1
Invocations    | 4 5 |  5.4
Throwing       | |  1.7
Dodging        | |  2.4

Action                   |  1- 3 |  4- 6 |  7- 9 | 10-12 || total
-------------------------+-------+-------+-------+-------++-------
Melee: War axe           |   102 |   149 |   366 |     5 ||   622
       Battleaxe         |       |       |       |   312 ||   312
Invok: Lesser Servant of |       |       |       |     1 ||     1
  Use: Scroll            |     8 |       |     5 |     5 ||    18
       Potion            |       |     4 |     3 |     6 ||    13
 Stab: Distracted        |       |       |       |     1 ||     1
  Eat: Chunk             |    10 |     6 |    10 |    12 ||    38
Armor: Leather armour    |    27 |       |    53 |    29 ||   109
       Ring mail         |    19 |    40 |    25 |    94 ||   178
       Skin              |       |       |       |     5 ||     5
Dodge: Dodged            |    78 |    73 |   223 |   306 ||   680
